 Dungeon Crawl Stone Soup version 0.32-a0-630-g46d191b0ed (webtiles) character file.

Game seed: 8180198351937016591

3576 tilp the Covert (level 9, -5/69 HPs)
             Began as a Vampire Enchanter on Mar 6, 2024.
             Was a Priest of Wu Jian.
             Shot with a sling bullet by Joseph (10 damage)
             ... on level 8 of the Dungeon.
             The game lasted 00:14:44 (8235 turns).

tilp the Covert (Vampire Enchanter)                 Turns: 8235, Time: 00:14:45

Health: -5/69      AC:  2    Str:  7    XL:     9   Next: 84%
Magic:  13/15      EV: 16    Int: 21    God:    Wu Jian [***...]
Gold:   360        SH:  0    Dex: 21    Spells: 4/17 levels left

rFire   . . .        y - +1 dagger (freeze)
rCold   . . .        (no shield)
rNeg    . . .        n - +0 robe
rPois   .            (no helmet)
rElec   .            (no cloak)
rCorr   .            (no gloves)
SInv    +            (no boots)
Will    .....        (no amulet)
Stlth   ++++         h - +4 ring of slaying
HPRegen 0.51/turn    i - +6 ring of dexterity
MPRegen 0.14/turn

%: no passive effects
@: healing quickly
A: alive, fangs 3, see invisible, vampiric 2
a: Exsanguinate, Renounce Religion, Wall Jump, Serpent's Lash


You were on level 8 of the Dungeon.
You worshipped Wu Jian.
Wu Jian was most pleased with you.
You visited 2 branches of the dungeon, and saw 9 of its levels.
You also visited: Sewer.

You collected 360 gold pieces.

Inventory:

Hand Weapons
 a - a +3 dagger of freezing
 b - a +0 scimitar
 f - a +1 vampiric dagger
 y - a +1 dagger of freezing (weapon)
Missiles
 g - 29 poisoned darts (quivered)
 o - 4 atropa-tipped darts
 u - 2 throwing nets {!f}
Armour
 n - a +0 robe (worn)
 x - a scarf of shadows
Jewellery
 e - a ring of protection from cold
 h - a +4 ring of slaying (left hand)
 i - a +6 ring of dexterity (right hand)
 j - a ring of protection from cold
 t - a +4 ring of protection
Wands
 p - a wand of flame (24)
 s - a wand of iceblast (11)
Scrolls
 d - a scroll of fear
 q - a scroll of amnesia {unknown}
 v - 2 scrolls of teleportation
 w - 2 scrolls of brand weapon
Potions
 c - 4 potions of invisibility
 k - 4 potions of heal wounds
 l - a potion of curing
 m - a potion of attraction
 r - 2 potions of haste
 z - a potion of cancellation
 A - a potion of berserk rage {unknown}
 B - a potion of resistance {unknown}


   Skills:
 * Level 5.9 Fighting
 - Level 5.3(6.3) Short Blades
 + Level 4.5(5.6) Long Blades
 + Level 5.5 Dodging
 + Level 8.5 Stealth
 + Level 4.6 Spellcasting
 + Level 8.1 Hexes
 + Level 1.2 Translocations
 + Level 3.4 Evocations


You had 4 spell levels left.
You knew the following spells:

 Your Spells              Type           Power      Damage    Failure   Level
a - Ensorcelled Hibernat  Hex/Ice        44%        N/A       3%          2
b - Confusing Touch       Hex            39%        N/A       1%          3
c - Tukima's Dance        Hex            39%        N/A       1%          3
d - Dazzling Flash        Conj/Hex       44%        N/A       6%          3
e - Blink                 Tloc           20%        N/A       11%         2

Your spell library contained the following spells:

 Spells                   Type           Power      Damage    Failure   Level
 Magic Dart               Conj           16%        1d3       12%         1
 Call Imp                 Summ           8%         N/A       17%         2


Dungeon Overview and Level Annotations

Branches:
Dungeon (9/15)             Temple (1/1) D:4           Sewer (visited)
   Lair: D:8-11         Orc: D:9-12

Altars:
Ashenzari
Cheibriados
Dithmenos
Fedhas
Gozag
Hepliaklqana
Kikubaaqudgha
Makhleb
Okawaru
Qazlal
Ru
Sif Muna
Trog
Uskayaw
Vehumet
Wu Jian

Shops:
D:5 !

Annotations:
D:8 Joseph, Pikel


Innate Abilities, Weirdness & Mutations

Your natural rate of healing is accelerated.
You have razor-sharp teeth.
You have supernaturally acute eyesight. (SInv)
You are afflicted with vampirism and can become a bat while bloodless.


Message History

The orc jeers loudly, as Orcs often do.
You hit the orc. You freeze the orc.
You kill the orc!
The Council accepts your kill.
You hit the orc. You freeze the orc.
The orc is heavily wounded.
You hit the orc. You freeze the orc.
You kill the orc!
The Council accepts your kill.
A steam dragon comes into view.
The steam dragon breathes steam at you. The ball of steam hits you!!
You hear a shout!
You see here a +0 flail.
Joseph is engulfed in a cloud of scalding steam.
Joseph unwields a +0 quarterstaff.
Joseph wields a +2 sling of freezing.
It is covered in frost.
Joseph shoots a sling bullet.
The sling bullet hits you!
* * * LOW HITPOINT WARNING * * *
The sling bullet freezes you.
* * * LOW HITPOINT WARNING * * *
Joseph zaps a wand.
You suddenly lose the ability to move!
Joseph zaps a wand.
You shrug off the repeated paralysis!
Joseph zaps a wand.
You easily resist.
You can move again.
There is a large open door here.
Unknown command.
Unknown command.
Casting: Ensorcelled Hibernation (safe; 3% risk of failure)
Confirm with . or Enter, or press ? or * to list all spells.
Aiming: Ensorcelled Hibernation (safe; 3% risk of failure)
Press: ? - help, Shift-Dir - straight line, f - Joseph
Aim: Joseph, wielding a +2 sling of freezing, wearing a +0 leather armour and carrying a wand of paralysis (lightly wounded, chance to affect: 37%) Joseph easily resists.
Joseph shoots a sling bullet.
The sling bullet misses you.
Unknown command.
Joseph shoots a sling bullet.
The sling bullet hits you!!
* * * LOW HITPOINT WARNING * * *
The sling bullet freezes you!
You die...

#......>............#......#....
#......#.########.###......###..
##......#+########)#
#......###..
.............)))...#
#......#....
#######.......######
#......#.... #.......#
#......#....
#.......##########)########
#.......##.....###)#
#.......''@..@...))#
##......##....).#### ##
#......#######.##.## ...
#......# #ยง#...#.... ########
#.......... ##..........
#.........# #......D....#
#.............


You could see Joseph.

Vanquished Creatures
  A two-headed ogre (D:8)
  Sigmund (D:2)
  3 yaks (D:9)
  An ice beast (D:6)
  3 orc warriors
  An ogre (D:5)
  2 centaurs
  2 phantoms (D:5)
  2 lemures (D:8)
  A kobold brigand (Sewer)
  A bullfrog (D:9)
  A wight (D:9)
  A howler monkey (D:9)
  2 hounds (D:5)
  6 orc priests
  4 gnoll boudas
  Natasha (thrice) (D:2)
  3 iguanas
  3 orc wizards (D:5)
  21 gnolls
  6 adders
  2 ufetubi (D:5)
  2 ribbon worms (D:2)
  4 dart slugs
  46 orcs
  8 ball pythons
  8 endoplasms
  9 giant cockroaches
  13 goblins
  5 hobgoblins
  2 jackals (D:1)
  6 quokkas
  8 bats
  4 frilled lizards
  18 kobolds
  8 rats
211 creatures vanquished.

Vanquished Creatures (collateral kills)
  7 wights (D:9)
7 creatures vanquished.

Grand Total: 218 creatures vanquished

Notes
Turn   | Place    | Note
-------+----------+-------------------------------------------
     0 | D:1      | tilp the Vampire Enchanter began the quest for the Orb.
     0 | D:1      | Reached XP level 1. HP: 13/13 MP: 3/3
   119 | D:1      | Reached XP level 2. HP: 13/20 MP: 5/5
   129 | D:1      | Learned a level 2 spell: Ensorcelled Hibernation
   312 | D:1      | Reached skill level 1 in Fighting
   353 | D:1      | Gained mutation: You are afflicted with vampirism and can
                  | become a bat while bloodless. [Vampire growth]
   353 | D:1      | Reached XP level 3. HP: 19/26 MP: 6/6
   362 | D:1      | Learned a level 3 spell: Confusing Touch
   932 | D:2      | Found a stormy altar of Qazlal.
  1334 | D:2      | Noticed Sigmund
  1336 | D:2      | Killed Sigmund
  1337 | D:2      | Reached skill level 1 in Long Blades
  1337 | D:2      | Reached skill level 5 in Stealth
  1337 | D:2      | Reached skill level 5 in Hexes
  1337 | D:2      | Reached XP level 4. HP: 33/33 MP: 7/7
  1337 | D:2      | Reached XP level 5. HP: 38/38 MP: 8/8
  1342 | D:2      | Learned a level 3 spell: Tukima's Dance
  1782 | D:2      | Noticed Natasha
  1788 | D:2      | Killed Natasha
  1789 | D:2      | Reached XP level 6. HP: 44/44 MP: 10/10
  2035 | D:2      | Found a stormy altar of Qazlal.
  2322 | D:2      | Noticed Natasha
  2326 | D:2      | Killed Natasha
  2823 | D:2      | Found a stormy altar of Qazlal.
  3355 | D:2      | Noticed Natasha
  3359 | D:2      | Killed Natasha
  4370 | D:4      | Found a staircase to the Ecumenical Temple.
  4379 | Temple   | Entered the Ecumenical Temple
  4392 | Temple   | Became a worshipper of the Wu Jian Council
  5086 | D:5      | Entered Level 5 of the Dungeon
  5143 | D:5      | Found a glowing drain.
  5182 | Sewer    | Entered a sewer
  5288 | Sewer    | Reached XP level 7. HP: 51/51 MP: 11/11
  5470 | D:5      | Reached * piety under Wu Jian
  5613 | D:5      | Found an opulent altar of Gozag.
  5617 | D:5      | Reached skill level 1 in Evocations
  5933 | D:5      | Reached XP level 8. HP: 34/59 MP: 6/12
  6161 | D:5      | Found Ytwutuz's Distillery.
  6181 | D:5      | Learned a level 3 spell: Dazzling Flash
  6332 | D:5      | Reached skill level 5 in Short Blades
  6577 | D:5      | Reached ** piety under Wu Jian
  6693 | D:5      | Found a sacrificial altar of Ru.
  6693 | D:5      | Found a blossoming altar of Fedhas.
  6694 | D:5      | Found a bloodstained altar of Trog.
  6802 | D:6      | You fall into a shaft and drop 3 floors!
  6825 | D:9      | Reached XP level 9. HP: 66/66 MP: 14/14
  6917 | D:9      | Reached skill level 5 in Fighting
  7322 | D:9      | Reached skill level 5 in Dodging
  7938 | D:8      | Learned a level 2 spell: Blink
  8048 | D:8      | Reached *** piety under Wu Jian
  8091 | D:8      | Noticed Pikel
  8092 | D:8      | Noticed a two-headed ogre
  8122 | D:8      | Killed a two-headed ogre
  8123 | D:8      | Reached skill level 1 in Translocations
  8221 | D:8      | Noticed Joseph
  8230 | D:8      | Paralysed by Joseph for 4 turns
  8235 | D:8      | Shot with a sling bullet by Joseph

Illustrated notes

Levels and vault maps discovered:
D:1:      scummos_arrival_simple_crosswalls, layout_rooms
D:2:      layout_loops_corners, basic_altar, uniq_natasha, uniq_sigmund
D:3:      layout_loops_cross
D:4:      layout_basic, minmay_temple_entry_tees
D:5:      layout_rooms, nicolae_gozag_cash_rules_everything_around_me,
          gammafunk_temple_overflow_forgotten, gup_sewer_entry_pipe,
          serial_shops, nicolae_shop_trees, serial_park_tiny_1
D:6:      layout_loops_ring, zin_academy
D:8:      layout_basic, special_room [special_room_orc], uniq_pikel,
          uniq_joseph, uniq_jeremiah
D:9:      layout_gridville, yredelemnul_forgotten_temple_becter,
          lair_entry_dummy, chequers_serial_rivers_room_b
Temple:   dpeg_chambers_temple

Skill      XL: |  1  2  3  4  5  6  7  8  9 |
---------------+----------------------------+-----
Fighting       | 1 2 3 4 5 |  5.9
Short Blades   | 2 3 4 5 |  5.3
Long Blades    | 1 2 3 4 |  4.5
Stealth        | 5 6 7 8 |  8.5
Hexes          | 5 6 7 8 |  8.1
Dodging        | 3 4 5 |  5.5
Spellcasting   | 3 4 |  4.6
Evocations     | 1 2 3 |  3.4
Translocations | 1 |  1.2

Action                     |  1- 3 |  4- 6 |  7- 9 || total
---------------------------+-------+-------+-------++-------
  Melee: Dagger            |   145 |   136 |   227 ||   508
         Bite              |    15 |    11 |    23 ||    49
   Cast: Ensorcelled Hiber |    20 |    12 |    59 ||    91
         Confusing Touch   |       |     2 |     4 ||     6
         Dazzling Flash    |       |       |     4 ||     4
         Tukima's Dance    |       |       |     9 ||     9
Ability: Lunge             |       |     5 |    24 ||    29
         Whirlwind         |       |       |    10 ||    10
  Evoke: Wand              |       |       |     1 ||     1
    Use: Scroll            |     2 |     8 |     4 ||    14
         Potion            |       |       |     2 ||     2
   Stab: Sleeping          |    14 |    22 |    37 ||    73
         Confused          |       |     1 |     2 ||     3
         Invisible         |       |       |     1 ||     1
 Armour: Robe              |   102 |    46 |    88 ||   236
  Dodge: Dodged            |   103 |    64 |   145 ||   312

Table legend: (Time is in decaauts)
 A = Elapsed time spent in this place.
 B = Non-inter-level travel time spent in this place.
 C = Inter-level travel time spent in this place.
 D = Time resting spent in this place.
 E = Time spent auto-exploring this place.
 F = Levels seen in this place.
 G = Mean time per level.
                   A        B        C        D        E       F      G
               +--------+--------+--------+--------+--------+-----+--------+
         Total |   8178 |   7928 |    250 |   1012 |   4889 |  10 |  817.8 |
       Dungeon |   7900 |   7675 |    225 |   1012 |   4747 |   8 |  987.5 |
        Temple |     26 |      1 |     25 |      0 |      0 |   1 |   26.0 |
         Sewer |    250 |    250 |      0 |      0 |    142 |   1 |  250.0 |
               +--------+--------+--------+--------+--------+-----+--------+

Top non-repeatable levels by time:
     D:2: 2820 daAuts
     D:5: 1190 daAuts
     D:4: 1147 daAuts
     D:9: 744 daAuts
     D:8: 659 daAuts
     D:3: 647 daAuts
     D:1: 631 daAuts
   Sewer: 250 daAuts
     D:6: 58 daAuts
  Temple: 26 daAuts
